 Dungeon Crawl Stone Soup version 0.29.1-12-g30fa7ad0bf (webtiles) character file.

Game seed: 10409773490879857008

7956 Gabide the Basher (level 11, -1/88 (90) HPs)
             Began as a Formicid Berserker on Jan 9, 2023.
             Was an Elder of Trog.
             Slain by a wraith (9 damage)
             ... led by Josephine
             ... on level 10 of the Dungeon.
             The game lasted 00:17:39 (9321 turns).

Gabide the Basher (Formicid Berserker)              Turns: 9321, Time: 00:17:40

HP:   -1/88 (90)    AC: 14    Str: 32    XL:     11   Next: 46%
MP:   2/2           EV: 25    Int:  7    God:    Trog [****..]
Gold: 1309          SH:  0    Dex: 18    Spells: 10/10 levels left

rFire   . . .      SeeInvis +   a - +6 flail (drain)
rCold   . . .      Faith    .   (no shield)
rNeg    . . .      Spirit   .   l - +1 steam dragon scales
rPois   +          Reflect  .   (helmet unavailable)
rElec   +          Harm     .   q - +1 cloak of Starlight {*Dazzle EV+4 Stlth--}
rCorr   +          Rampage  .   f - +2 pair of gloves "Zuicoem" {rElec rCorr Dex+5}
Will    ++...                   n - +2 pair of boots
Stlth   ..........              (no amulet)
HPRegen 0.24/turn               g - +4 ring of evasion
MPRegen 0.08/turn               H - ring of Arrival {rPois Will+ MP-9 Str+6}

@: lightly drained
A: permanent stasis, dig shafts and tunnels, antennae 3, four strong arms
a: Dig, Shaft Self, Renounce Religion, Trog's Hand, Brothers in Arms


You were on level 10 of the Dungeon.
You worshipped Trog.
Trog was greatly pleased with you.
You visited 1 branch of the dungeon, and saw 10 of its levels.
You also visited: Ossuary and Bailey.

You collected 1636 gold pieces.
You spent 327 gold pieces at shops.

Inventory:

Hand Weapons
 a - a +6 flail of draining (weapon)
 b - a +0 giant club
Missiles
 k - 23 boomerangs (quivered)
 o - 3 datura-tipped darts
 p - a throwing net
 E - a curare-tipped dart
Armour
 f - the +2 pair of gloves "Zuicoem" (worn) {rElec rCorr Dex+5}
   (You acquired it on level 4 of the Dungeon)

   Dex:       It affects your dexterity (+5).
   rElec:     It insulates you from electricity.
   rCorr:     It protects you from acid and corrosion.
 l - +1 steam dragon scales (worn)
 n - a +2 pair of boots (worn)
 q - the +1 cloak of Starlight (worn) {*Dazzle EV+4 Stlth--}
   (You acquired it on level 4 of the Dungeon)

   It may blind those who miss an attack against the wearer in melee combat.
   EV:        It affects your evasion (+4).
   Stlth:     It makes you much less stealthy.
Jewellery
 g - a +4 ring of evasion (left hand)
 m - an amulet of faith
 D - a ring of fire
 H - the ring of Arrival (right hand) {rPois Will+ MP-9 Str+6}
   (You acquired it on level 9 of the Dungeon)

   [ring of poison resistance]

   Str:       It affects your strength (+6).
   rPois:     It protects you from poison.
   MP:        It affects your magic capacity (-9).
   Will:      It increases your willpower.
Wands
 A - a wand of acid (5)
 B - a wand of flame (6)
 G - a wand of digging (4)
Scrolls
 h - 2 scrolls of immolation
 j - 3 scrolls of brand weapon
 s - 2 scrolls of fear
Potions
 c - a potion of flight
 d - a potion of ambrosia
 e - 8 potions of curing
 i - a potion of magic
 r - 4 potions of degeneration
 t - 2 potions of mutation
 u - 7 potions of lignification
 v - 2 potions of heal wounds
 x - a potion of cancellation
 z - a potion of might
Miscellaneous
 w - a condenser vane
 F - a phial of floods


   Skills:
 + Level 10.0 Fighting
 * Level 12.4 Maces & Flails
 - Level 2.1 Armour
 + Level 8.1 Dodging


You had 10 spell levels left.
You didn't know any spells.
Your spell library was empty.

Dungeon Overview and Level Annotations

Branches:
Dungeon (10/15)            Temple (0/1) D:4             Orc (0/2) D:9
Ossuary (visited)          Bailey (visited)
   Lair: D:8-11

Altars:
Ashenzari
Elyvilon
Gozag
Hepliaklqana
Makhleb
Okawaru
Trog
Wu Jian
Yredelemnul

Shops:
D:6 *

Annotations:
D:9 3 runed translucent doors, Xenoroth98's ghost, novice MiBe


Innate Abilities, Weirdness & Mutations

You cannot be hasted, slowed, berserked, paralysed or teleported.
You can dig through walls and to a lower floor.
You have a pair of large antennae on your head. (SInv)
Your four strong arms can wield two-handed weapons with a shield.


Message History

Josephine is almost dead.
Josephine draws life force from you!
Josephine is healed by the life force!
You are too injured to fight recklessly!
You barely miss Josephine.
Josephine is almost dead.
Josephine gestures at you while chanting.
The ghostly flame explodes!
The ghostly fireball engulfs you!!
You feel drained.
* * * LOW HITPOINT WARNING * * *
The ghostly fireball engulfs Josephine.
Josephine completely resists.
Aiming: Corrosive Bolt
Press: ? - help, Shift-Dir - straight line, f - wraith, p - Josephine
Aim: a wraith (71% to hit)
The bolt of acid hits Josephine!
Josephine seems to be corroded for longer.
Josephine is almost dead.
The bolt of acid hits the wraith!
The acid corrodes the wraith!
The wraith is moderately damaged.
Josephine barely misses you.
Aiming: Corrosive Bolt
Press: ? - help, Shift-Dir - straight line, f/p - wraith
Aim: a wraith (moderately damaged, covered in acid, 71% to hit)
The bolt of acid hits Josephine!
You kill Josephine!
Trog accepts your kill.
Trog appreciates your killing of a magic user.
The bolt of acid hits the wraith.
The wraith seems to be corroded for longer.
The wraith is heavily damaged.
Your Fighting skill increases to level 10!
You hit the wraith.
The wraith is heavily damaged.
You thump the wraith!
The wraith is severely damaged.
The wraith misses you.
You barely miss the wraith.
The wraith is severely damaged.
The wraith hits you!
You die...

##.# #...
#..# #..#
#..# #..#
#######..#
#<.@W†..(#
########.#
.# ..{
...{ #..#
... .#.#


You could see a wraith (corroded).

Vanquished Creatures
  Josephine (D:10)
  2 two-headed ogres
  A kobold demonologist (D:9)
  Grinder (D:6)
  Prince Ribbit (D:6)
  A hornet (D:7)
  4 wraiths
  A wyvern (D:7)
  A steam dragon (D:7)
  4 vampire mosquitoes (D:10)
  Edmund (D:6)
  A water moccasin (D:6)
  An ice beast (D:7)
  4 orc warriors
  A black bear (D:5)
  5 centaurs
  An ogre (D:5)
  A phantom (D:5)
  7 kobold brigands
  5 bullfrogs
  2 necrophages (D:7)
  A water moccasin zombie (D:6)
  5 scorpions
  5 killer bees (D:8)
  A howler monkey (D:9)
  2 centaur zombies (D:6)
  3 hounds (D:5)
  A bullfrog zombie (D:6)
  7 orc priests
  3 jellies
  A gnoll bouda (D:7)
  5 iguanas
  Jessica (D:2)
  5 orc wizards
  2 killer bee zombies (D:6)
  3 mummies (Ossuary)
  A howler monkey zombie (D:6)
  8 gnolls
  8 adders
  A white imp (D:5)
  An ufetubus (D:5)
  A worm (D:4)
  A dart slug (D:3)
  26 orcs
  7 ball pythons
  5 endoplasms
  3 giant cockroaches (D:4)
  4 goblins
  8 hobgoblins
  24 kobolds
  2 quokkas
  A bat (D:1)
  2 frilled lizards (D:2)
  6 goblin zombies (Ossuary)
  A hobgoblin zombie (Ossuary)
  2 kobold zombies (Ossuary)
  An orc zombie (Ossuary)
  4 rats
208 creatures vanquished.

Vanquished Creatures (collateral kills)
  An adder (D:2)
1 creature vanquished.

Vanquished Creatures (others)
  A plant (D:9)
1 creature vanquished.

Grand Total: 210 creatures vanquished

Notes
Turn   | Place    | Note
-------+----------+-------------------------------------------
     0 | D:1      | Gabide the Formicid Berserker began the quest for the Orb.
     0 | D:1      | Reached XP level 1. HP: 18/18 MP: 1/1
   369 | D:1      | Reached XP level 2. HP: 19/24 MP: 2/2
   822 | D:2      | Noticed Jessica
   838 | D:2      | Reached XP level 3. HP: 29/29 MP: 3/3
   843 | D:2      | Killed Jessica
  1049 | D:2      | Reached XP level 4. HP: 37/37 MP: 4/4
  1314 | D:2      | Reached skill level 4 in Maces & Flails
  1442 | D:2      | Found an ornate altar of the Wu Jian Council.
  2071 | D:3      | You fall into a shaft and drop 1 floor!
  2072 | D:4      | Identified 3 scrolls of acquirement
  2072 | D:4      | Acquired the +1 cloak of Starlight {*Dazzle EV+4 Stlth--}
  2072 | D:4      | Found the +1 cloak of Starlight {*Dazzle EV+4 Stlth--}
  2079 | D:4      | Acquired 1132 gold pieces
  2081 | D:4      | Acquired the +2 pair of gloves "Zuicoem" {rElec rCorr
                  | Dex+5}
  2090 | D:4      | Found a staircase to the Ecumenical Temple.
  2200 | D:4      | Reached XP level 5. HP: 32/42 MP: 5/5
  2214 | D:4      | Reached ** piety under Trog
  2233 | D:4      | Found a sand-covered staircase.
  2238 | Ossuary  | Entered an ossuary
  2238 | Ossuary  | Noticed a wraith
  2238 | Ossuary  | Noticed a wraith
  2238 | Ossuary  | Noticed a wraith
  2307 | Ossuary  | Noticed a wraith
  2341 | Ossuary  | Killed a wraith
  2342 | Ossuary  | Reached skill level 5 in Maces & Flails
  2342 | Ossuary  | Reached XP level 6. HP: 16/49 MP: 6/6
  3054 | D:4      | Reached XP level 7. HP: 47/55 MP: 7/7
  3405 | D:3      | Found a white marble altar of Elyvilon.
  3409 | D:3      | Found a burning altar of Makhleb.
  3673 | D:4      | Reached skill level 5 in Fighting
  3850 | D:5      | Entered Level 5 of the Dungeon
  3877 | D:5      | Reached skill level 6 in Maces & Flails
  4477 | D:5      | Reached XP level 8. HP: 58/63 MP: 8/8
  4823 | D:5      | Found an opulent altar of Gozag.
  4835 | D:5      | Found an iron altar of Okawaru.
  4838 | D:5      | Found a hazy altar of Hepliaklqana.
  4917 | D:5      | Reached skill level 7 in Maces & Flails
  5545 | D:6      | Noticed Grinder
  5556 | D:6      | Killed Grinder
  5557 | D:6      | Reached skill level 8 in Maces & Flails
  5557 | D:6      | Reached skill level 5 in Dodging
  5557 | D:6      | Reached XP level 9. HP: 67/71 MP: 9/9
  5620 | D:6      | Reached *** piety under Trog
  5626 | D:6      | Found Tiar's Gadget Gallery.
  5634 | D:6      | Bought a wand of acid (6) for 327 gold pieces
  5743 | D:6      | Noticed Prince Ribbit
  5756 | D:6      | Killed Prince Ribbit
  5845 | D:6      | Found a bloodstained altar of Trog.
  5905 | D:6      | Found a basalt altar of Yredelemnul.
  5973 | D:6      | Reached skill level 9 in Maces & Flails
  6046 | D:6      | Noticed Edmund
  6052 | D:6      | Killed Edmund
  6797 | D:7      | Reached XP level 10. HP: 80/80 MP: 10/10
  7048 | D:7      | Reached skill level 10 in Maces & Flails
  7507 | D:8      | Noticed a two-headed ogre
  7521 | D:7      | Killed a two-headed ogre
  7756 | D:8      | Found a flagged portal.
  7827 | Bailey   | Entered a bailey
  7902 | Bailey   | Reached skill level 11 in Maces & Flails
  7930 | Bailey   | Found a burning altar of Makhleb.
  7936 | Bailey   | Identified the +1 chain mail "Ekobbeix" {+Inv rC- Int+10
                  | Dex-3}
  8036 | D:8      | Reached **** piety under Trog
  8239 | D:9      | Acquired the ring of Arrival {rPois Will+ MP-9 Str+6}
  8420 | D:9      | Found a broken altar of Ashenzari.
  8433 | D:9      | Noticed a ten-headed hydra
  8434 | D:9      | Found a runed translucent gate.
  8435 | D:9      | Found a runed translucent gate.
  8435 | D:9      | Noticed Xenoroth98's ghost (novice MiBe)
  8436 | D:9      | Found a runed translucent gate.
  8437 | D:9      | Found a staircase to the Orcish Mines.
  8698 | D:9      | Reached XP level 11. HP: 87/89 MP: 2/11
  8725 | D:9      | Noticed a two-headed ogre
  8732 | D:9      | Killed a two-headed ogre
  9272 | D:10     | Entered Level 10 of the Dungeon
  9287 | D:10     | Noticed Josephine
  9289 | D:10     | Reached skill level 12 in Maces & Flails
  9318 | D:10     | Killed Josephine
  9319 | D:10     | Reached skill level 10 in Fighting
  9321 | D:10     | Slain by a wraith

Illustrated notes

Levels and vault maps discovered:
D:1:      lightli_arrival_chessboard, layout_basic, serial_bayou_crossing
D:2:      layout_loops_corners, basic_altar, uniq_jessica
D:3:      layout_basic, minitemple
D:4:      layout_rooms, minmay_temple_entry_nine_rooms, enter_ossuary_2
D:5:      layout_cave_pods, minmay_overflow_temple_star_quad
D:6:      layout_gridville, nicolae_yredelemnul_corpse_copse,
          kennysheep_mini_moat, nicolae_shop_gadgets, uniq_edmund,
          uniq_prince_ribbit1, uniq_grinder
D:7:      layout_layer_cave, chequers_serial_rivers_small_b
D:8:      layout_rooms, enter_bailey_8
D:9:      layout_gridville, overflow_temple_1_default,
          minmay_orc_entry_temple_small, gammafunk_ghost_hydra_chop,
          chequers_serial_rivers_room_a
D:10:     layout_basic, gammafunk_temple_overflow_elements,
          kennysheep_windowed_goal, uniq_lodul, uniq_maurice, uniq_joseph,
          uniq_josephine

Skill      XL: |  1  2  3  4  5  6  7  8  9 10 11 |
---------------+----------------------------------+-----
Dodging        | 2 3 4 5 6 7 8 |  8.1
Maces & Flails | 4 5 6 8 9 11 12 | 12.4
Fighting       | 4 5 6 7 9 10 | 10.0
Armour         | |  2.1

Action                   |  1- 3 |  4- 6 |  7- 9 | 10-12 || total
-------------------------+-------+-------+-------+-------++-------
Melee: Mace              |    43 |   174 |    46 |       ||   263
       Punch             |     1 |       |     2 |       ||     3
       Giant club        |       |       |   102 |       ||   102
       Flail             |       |       |    39 |   217 ||   256
Throw: Boomerang         |     5 |    11 |    62 |     4 ||    82
       Dart              |     3 |       |       |       ||     3
       Javelin           |       |       |     6 |     7 ||    13
Invok: Trog's Hand       |       |     1 |       |     1 ||     2
Evoke: Wand              |       |       |     1 |     5 ||     6
  Use: Scroll            |       |    11 |    11 |     5 ||    27
 Stab: Sleeping          |     1 |       |       |       ||     1
       Invisible         |       |     5 |    10 |    11 ||    26
Armor: Chain mail        |    11 |    52 |    49 |       ||   112
       Animal skin       |     4 |       |       |       ||     4
       Steam dragon scal |       |       |     2 |    39 ||    41
Dodge: Dodged            |    30 |   149 |   199 |   268 ||   646
